General information
- name: BNet
- type: Ladder team game (AT/RT)
- host: Battle.net
- saver: KuKuKuBaby
map: MarketSquare
- players: 8
- length: 48:45
- speed: Fast
- version: 1.26 W3XP
- replay type: Public
» download(272 KB)
Players
team 1 (loser)

»
PureLynx_Bz (
teal | 52 APM | 236 actions | 04:30)
1 Tauren Chieftain
1 War Stomp
» actions
| Assign group hotkey | 33 | |
| Build / train | 16 | |
| Enter build submenu | 7 | |
| Enter hero's abilities submenu | 1 | |
| Right click | 103 | |
| Select / deselect | 57 | |
| Select group hotkey | 7 | |
| Use ability | 12 | |
236 total
» units
» upgrades
» buildings
| Altar of Storms | 1 | |
| Orc Burrow | 4 | |
| Barracks | 1 | |
| Voodoo Lounge | 1 | |
7 total
» build order
00:22 Altar of Storms
00:26 Orc Burrow
00:33 Barracks
01:46 Orc Burrow
03:44 Voodoo Lounge
03:49 Orc Burrow
03:52 Orc Burrow

»
KING-JAKE (
green | 56 APM | 2710 actions | 48:34)
5 Blood Mage
3 Flame Strike
2 Siphon Mana
1 Shadow Hunter
1 Hex
6 Mountain King
3 Storm Bolt
1 Thunder Clap
1 Bash
1 Avatar
4 Pandaren Brewmaster
2 Breath of Fire
2 Drunken Haze
» actions
| Assign group hotkey | 68 | |
| Basic commands | 157 | |
| Build / train | 122 | |
| Enter build submenu | 33 | |
| Enter hero's abilities submenu | 16 | |
| Give item / drop item | 7 | |
| Remove unit from queue | 2 | |
| Right click | 960 | |
| Select / deselect | 420 | |
| Select group hotkey | 742 | |
| Use ability | 183 | |
2710 total
» units
| Peasant | 17 | |
| Footman | 5 | |
| Grunt | 1 | |
| Sorceress | 2 | |
| Gryphon Rider | 8 | |
| Troll Batrider | 5 | |
38 total
» upgrades
| Pillage | | |
| Lumber Harvesting | 2 | |
| Masonry | 2 | |
| Magic Sentry | 1 | |
| Sorceress Training | 2 | |
| Reinforced Defenses | 1 | |
| Animal War Training | 1 | |
| Swords | 3 | |
| Armor | 3 | |
| Storm Hammers | 1 | |
| Priest Training | 1 | |
| Cloud | 1 | |
18 total
» buildings
| Barracks | 1 | |
| Altar of Kings | 1 | |
| Farm | 12 | |
| Scout Tower | 22 | |
| Arcane Vault | 3 | |
| Arcane Tower | 2 | |
| Town Hall | 2 | |
| Lumber Mill | 2 | |
| Stronghold | 1 | |
| War Mill | 1 | |
| Keep | 2 | |
| Guard Tower | 7 | |
| Watch Tower | 8 | |
| Arcane Sanctum | 1 | |
| Castle | 1 | |
| Fortress | 2 | |
| Gryphon Aviary | 3 | |
| Beastiary | 1 | |
| Blacksmith | 1 | |
73 total
» build order
00:16 Barracks
00:22 Altar of Kings
00:39 Farm
00:53 Farm
01:37 Scout Tower
01:40 Farm
02:09 Arcane Vault
02:18 Arcane Tower
03:16 Farm
04:49 Town Hall
04:51 Lumber Mill
04:55 Lumber Mill
04:57 Scout Tower
04:58 Scout Tower
05:07 Stronghold
05:13 War Mill
05:33 Keep
05:55 Guard Tower
06:24 Scout Tower
06:27 Scout Tower
06:27 Scout Tower
06:29 Scout Tower
06:29 Scout Tower
06:42 Scout Tower
06:43 Scout Tower
06:43 Scout Tower
06:44 Scout Tower
06:47 Scout Tower
07:06 Watch Tower
07:06 Watch Tower
07:06 Watch Tower
07:07 Watch Tower
07:22 Guard Tower
07:26 Guard Tower
07:44 Guard Tower
08:38 Arcane Sanctum
09:38 Castle
10:06 Farm
10:07 Farm
10:11 Fortress
10:14 Watch Tower
10:14 Watch Tower
10:31 Gryphon Aviary
10:33 Gryphon Aviary
11:17 Beastiary
11:42 Gryphon Aviary
11:43 Farm
11:43 Farm
12:49 Blacksmith
12:54 Farm
12:54 Farm
12:55 Farm
15:26 Scout Tower
15:26 Scout Tower
15:27 Scout Tower
16:27 Guard Tower
20:20 Arcane Vault
24:27 Town Hall
24:28 Scout Tower
24:29 Scout Tower
24:29 Scout Tower
24:30 Scout Tower
24:30 Scout Tower
25:14 Guard Tower
25:35 Arcane Vault
26:14 Guard Tower
28:46 Arcane Tower
30:44 Keep
» items
| Scroll of Regeneration | 6 | |
| Staff of Teleportation | 3 | |
| Potion of Invisibility | 3 | |
| Potion of Mana | 4 | |
| Potion of Healing | 2 | |
| Scroll of Town Portal | 5 | |
| Lesser Clarity Potion | 2 | |
| Potion of Lesser Invulnerability | 1 | |
| Staff of Sanctuary | 1 | |
| Scroll of Healing | 2 | |
29 total
Yaakov_sv (
pink | 43 APM | 2074 actions | 48:44)
3 Blademaster
1 Wind Walk
2 Critical Strike
1 Tauren Chieftain
1 Endurance Aura
1 Warden
1 Blink
1 Priestess of the Moon
1 Trueshot Aura
» actions
| Assign group hotkey | 50 | |
| Basic commands | 15 | |
| Build / train | 112 | |
| ESC pressed | 15 | |
| Enter build submenu | 40 | |
| Enter hero's abilities submenu | 6 | |
| Right click | 1057 | |
| Select / deselect | 505 | |
| Select group hotkey | 173 | |
| Use ability | 101 | |
2074 total
» units
| Peon | 37 | |
| Grunt | 1 | |
| Troll Headhunter/Berserker | 6 | |
| Raider | 14 | |
| Troll Batrider | 18 | |
| Demolisher | 9 | |
85 total
» upgrades
| Spiked Barricades | 1 | |
| Melee Weapons | 2 | |
| Pillage | 1 | |
| Ensnare | 1 | |
| Liquid Fire | 1 | |
| Ranged Weapons | 3 | |
| Burning Oil | 1 | |
| Armor | 2 | |
12 total
» buildings
| Orc Burrow | 10 | |
| Altar of Storms | 1 | |
| Barracks | 1 | |
| Voodoo Lounge | 1 | |
| War Mill | 1 | |
| Stronghold | 1 | |
| Watch Tower | 15 | |
| Beastiary | 2 | |
| Great Hall | 1 | |
33 total
» build order
00:06 Orc Burrow
00:17 Altar of Storms
00:19 Barracks
01:45 Voodoo Lounge
02:13 Orc Burrow
02:33 War Mill
04:18 Stronghold
04:48 Orc Burrow
04:52 Watch Tower
04:57 Watch Tower
05:43 Orc Burrow
06:32 Orc Burrow
07:22 Beastiary
07:26 Beastiary
07:33 Watch Tower
16:39 Watch Tower
16:45 Watch Tower
16:51 Watch Tower
20:53 Watch Tower
21:17 Watch Tower
22:52 Great Hall
25:00 Orc Burrow
25:40 Orc Burrow
26:09 Watch Tower
26:13 Watch Tower
26:16 Orc Burrow
26:53 Watch Tower
27:09 Watch Tower
27:29 Watch Tower
27:39 Watch Tower
28:40 Orc Burrow
29:03 Watch Tower
29:47 Orc Burrow
» items
| Lesser Clarity Potion | 5 | |
| Healing Salve | 1 | |
| Scroll of Speed | 1 | |
7 total
rodrigo_93 (
yellow | 85 APM | 3000 actions | 35:09)
6 Warden
3 Shadow Strike
2 Blink
1 Spirit of Vengeance
4 Priestess of the Moon
2 Trueshot Aura
2 Scout
1 Shadow Hunter
1 Serpent Ward
2 Keeper of the Grove
1 Entangling Roots
1 Thorns Aura
» actions
| Assign group hotkey | 65 | |
| Build / train | 98 | |
| Enter build submenu | 29 | |
| Enter hero's abilities submenu | 14 | |
| Right click | 1703 | |
| Select / deselect | 610 | |
| Select group hotkey | 360 | |
| Use ability | 121 | |
3000 total
» units
| Wisp | 31 | |
| Archer | 13 | |
| Hippogryph | 13 | |
| Druid of the Talon | 4 | |
| Chimaera | 2 | |
63 total
» upgrades
| Moon Armor | 3 | |
| Strength of the Moon | 3 | |
| Hippogryph Taming | 1 | |
| Improved Bows | 1 | |
| Druid of the Talon Training | 2 | |
| Well Spring | 1 | |
| Mark of the Talon | 1 | |
| Marksmanship | 1 | |
| Reinforced Hides | 1 | |
| Corrosive Breath | 1 | |
| Strength of the Wild | 1 | |
16 total
» buildings
| Altar of Elders | 1 | |
| Moon Well | 8 | |
| Ancient of War | 2 | |
| Ancient of Wonders | 1 | |
| Tree of Ages | 1 | |
| Hunter's Hall | 2 | |
| Ancient of Wind | 2 | |
| Tree of Life | 2 | |
| Tree of Eternity | 1 | |
| Ancient Protector | 9 | |
| Chimaera Roost | 1 | |
30 total
» build order
00:14 Altar of Elders
00:16 Moon Well
00:55 Ancient of War
01:42 Moon Well
02:17 Ancient of Wonders
02:21 Moon Well
02:54 Moon Well
05:01 Tree of Ages
05:06 Hunter's Hall
05:10 Moon Well
07:05 Ancient of War
07:35 Ancient of Wind
07:40 Ancient of Wind
09:13 Moon Well
09:20 Tree of Life
10:24 Tree of Eternity
18:08 Ancient Protector
18:09 Ancient Protector
18:11 Ancient Protector
18:13 Ancient Protector
18:16 Moon Well
21:51 Tree of Life
28:21 Moon Well
28:23 Chimaera Roost
31:22 Ancient Protector
31:23 Ancient Protector
31:25 Ancient Protector
31:27 Ancient Protector
31:29 Hunter's Hall
31:35 Ancient Protector
team 2 (winner)
KuKuKuBaby (
orange | 82 APM | 3986 actions | 48:45)
8 Blood Mage
3 Flame Strike
3 Siphon Mana
1 Summon Phoenix
1 Banish
» actions
| Assign group hotkey | 120 | |
| Basic commands | 150 | |
| Build / train | 235 | |
| ESC pressed | 5 | |
| Enter build submenu | 58 | |
| Enter hero's abilities submenu | 8 | |
| Give item / drop item | 9 | |
| Right click | 1192 | |
| Select / deselect | 468 | |
| Select group hotkey | 1377 | |
| Use ability | 364 | |
3986 total
» units
| Peasant | 27 | |
| Footman | 6 | |
| Sorceress | 2 | |
| Dragonhawk Rider | 3 | |
| Gryphon Rider | 4 | |
42 total
» upgrades
| Masonry | 3 | |
| Swords | 3 | |
| Lumber Harvesting | 2 | |
| Armor | 3 | |
| Sorceress Training | 2 | |
| Magic Sentry | 1 | |
| Animal War Training | 1 | |
| Storm Hammers | 1 | |
| Cloud | 1 | |
| Gunpowder | 3 | |
| Plating | 3 | |
| Priest Training | 2 | |
| Control Magic | 1 | |
| Backpack | 1 | |
| Defend | 1 | |
| Long Rifles | 1 | |
29 total
» buildings
| Barracks | 1 | |
| Altar of Kings | 1 | |
| Farm | 9 | |
| Lumber Mill | 1 | |
| Arcane Vault | 1 | |
| Town Hall | 3 | |
| Scout Tower | 40 | |
| Keep | 2 | |
| Blacksmith | 1 | |
| Arcane Tower | 4 | |
| Guard Tower | 72 | |
| Castle | 4 | |
| Arcane Sanctum | 1 | |
| Gryphon Aviary | 4 | |
| Spirit Tower | 6 | |
| Workshop | 4 | |
154 total
» build order
00:59 Barracks
01:01 Altar of Kings
01:03 Farm
01:06 Farm
01:43 Farm
02:27 Farm
02:33 Lumber Mill
03:14 Arcane Vault
04:32 Town Hall
06:05 Scout Tower
06:05 Keep
06:06 Keep
06:27 Blacksmith
06:32 Arcane Tower
06:32 Arcane Tower
07:19 Scout Tower
07:20 Scout Tower
07:21 Scout Tower
07:23 Scout Tower
07:26 Scout Tower
07:27 Scout Tower
07:50 Guard Tower
07:50 Guard Tower
07:50 Guard Tower
08:32 Castle
08:32 Castle
08:35 Arcane Sanctum
09:40 Guard Tower
09:40 Guard Tower
09:40 Guard Tower
10:42 Gryphon Aviary
10:44 Gryphon Aviary
10:45 Gryphon Aviary
10:46 Gryphon Aviary
11:01 Scout Tower
11:04 Scout Tower
11:46 Guard Tower
11:46 Guard Tower
11:46 Guard Tower
11:47 Guard Tower
11:47 Guard Tower
11:47 Guard Tower
15:29 Town Hall
15:31 Scout Tower
15:32 Scout Tower
15:33 Scout Tower
15:35 Scout Tower
15:37 Scout Tower
15:37 Scout Tower
15:41 Scout Tower
15:43 Scout Tower
16:41 Guard Tower
16:41 Guard Tower
16:41 Guard Tower
16:41 Guard Tower
17:01 Guard Tower
17:01 Guard Tower
17:01 Guard Tower
18:02 Scout Tower
18:03 Scout Tower
18:04 Scout Tower
18:05 Scout Tower
18:10 Scout Tower
19:24 Guard Tower
19:24 Guard Tower
19:25 Guard Tower
19:25 Guard Tower
19:28 Scout Tower
19:31 Scout Tower
19:33 Scout Tower
20:37 Arcane Tower
20:37 Arcane Tower
20:38 Guard Tower
20:38 Guard Tower
20:38 Guard Tower
21:23 Farm
21:24 Farm
21:25 Farm
21:27 Farm
27:09 Town Hall
27:15 Scout Tower
27:16 Scout Tower
27:17 Scout Tower
27:19 Scout Tower
27:21 Scout Tower
27:22 Scout Tower
27:23 Scout Tower
27:24 Scout Tower
27:26 Scout Tower
27:28 Scout Tower
27:29 Scout Tower
27:32 Scout Tower
27:33 Scout Tower
27:34 Scout Tower
27:35 Scout Tower
27:52 Guard Tower
27:52 Guard Tower
27:52 Guard Tower
27:54 Guard Tower
27:54 Guard Tower
28:23 Guard Tower
28:23 Guard Tower
28:23 Guard Tower
28:24 Guard Tower
28:24 Guard Tower
28:25 Guard Tower
28:25 Guard Tower
28:28 Spirit Tower
28:29 Spirit Tower
28:29 Spirit Tower
28:29 Spirit Tower
28:54 Guard Tower
28:54 Guard Tower
29:47 Guard Tower
29:47 Guard Tower
29:47 Guard Tower
29:47 Guard Tower
36:33 Workshop
36:40 Workshop
36:42 Workshop
36:44 Workshop
40:17 Farm
» items
| Scroll of Regeneration | 10 | |
| Staff of Teleportation | 1 | |
| Boots of Speed | 1 | |
| Potion of Invisibility | 3 | |
| Periapt of Vitality | 1 | |
| Lesser Clarity Potion | 11 | |
| Scroll of Town Portal | 5 | |
| Staff of Sanctuary | 1 | |
| Potion of Healing | 1 | |
34 total
WorstPlayaAlive (
blue | 46 APM | 2229 actions | 48:44)
10 Blademaster
3 Wind Walk
3 Critical Strike
1 Bladestorm
3 Mirror Image
1 Death Knight
1 Unholy Aura
» actions
| Assign group hotkey | 72 | |
| Basic commands | 19 | |
| Build / train | 94 | |
| Enter build submenu | 36 | |
| Enter hero's abilities submenu | 11 | |
| Give item / drop item | 6 | |
| Remove unit from queue | 1 | |
| Right click | 1043 | |
| Select / deselect | 501 | |
| Select group hotkey | 225 | |
| Use ability | 220 | |
2229 total
» units
| Peon | 17 | |
| Grunt | 4 | |
| Wind Rider | 7 | |
| Troll Batrider | 18 | |
46 total
» upgrades
| Ranged Weapons | 3 | |
| Liquid Fire | 1 | |
| Armor | 3 | |
| Reinforced Defenses | 1 | |
| Troll Regeneration | 1 | |
9 total
» buildings
| Orc Burrow | 5 | |
| Altar of Storms | 1 | |
| Barracks | 1 | |
| Voodoo Lounge | 1 | |
| Stronghold | 4 | |
| War Mill | 1 | |
| Great Hall | 2 | |
| Beastiary | 4 | |
| Fortress | 1 | |
| Watch Tower | 18 | |
38 total
» build order
00:11 Orc Burrow
00:57 Altar of Storms
00:58 Barracks
01:09 Orc Burrow
02:11 Voodoo Lounge
02:50 Stronghold
02:51 Stronghold
02:51 Stronghold
04:19 War Mill
05:05 Great Hall
05:24 Beastiary
05:24 Beastiary
07:11 Fortress
07:15 Orc Burrow
07:18 Orc Burrow
10:07 Watch Tower
10:08 Watch Tower
10:09 Watch Tower
10:10 Watch Tower
10:10 Watch Tower
12:58 Beastiary
12:59 Beastiary
13:53 Watch Tower
13:53 Watch Tower
13:54 Watch Tower
13:54 Watch Tower
13:56 Watch Tower
21:33 Orc Burrow
23:09 Great Hall
23:14 Watch Tower
23:15 Watch Tower
23:16 Watch Tower
23:17 Watch Tower
25:09 Watch Tower
26:45 Watch Tower
26:47 Watch Tower
26:48 Watch Tower
» items
| Healing Salve | 2 | |
| Scroll of Town Portal | 6 | |
| Potion of Healing | 2 | |
| Potion of Mana | 2 | |
| Lesser Clarity Potion | 2 | |
| Periapt of Vitality | 3 | |
| Staff of Teleportation | 1 | |
| Potion of Lesser Invulnerability | 1 | |
| Potion of Invisibility | 1 | |
| Scroll of Healing | 1 | |
21 total
Count (
red | 43 APM | 934 actions | 21:43)
5 Mountain King
3 Storm Bolt
2 Bash
» actions
| Basic commands | 39 | |
| Build / train | 83 | |
| Enter build submenu | 20 | |
| Enter hero's abilities submenu | 5 | |
| Right click | 340 | |
| Select / deselect | 357 | |
| Use ability | 90 | |
934 total
» units
| Peasant | 29 | |
| Mortar Team | 20 | |
| Siege Engine | 2 | |
51 total
» upgrades
| Gunpowder | 3 | |
| Armor | 2 | |
| Lumber Harvesting | 1 | |
| Flare | 1 | |
| Fragmentation Shards | 1 | |
| Masonry | 3 | |
| Barrage | 1 | |
12 total
» buildings
| Farm | 12 | |
| Lumber Mill | 1 | |
| Altar of Kings | 1 | |
| Scout Tower | 1 | |
| Arcane Tower | 1 | |
| Blacksmith | 1 | |
| Keep | 3 | |
| Castle | 1 | |
| Workshop | 3 | |
24 total
» build order
00:24 Farm
00:38 Lumber Mill
00:52 Altar of Kings
01:00 Farm
01:37 Scout Tower
02:08 Arcane Tower
02:12 Blacksmith
02:50 Keep
02:50 Keep
02:50 Keep
03:59 Farm
04:39 Farm
05:14 Castle
05:22 Workshop
05:24 Workshop
06:06 Workshop
06:29 Farm
06:36 Farm
07:09 Farm
16:43 Farm
16:46 Farm
17:34 Farm
17:36 Farm
17:39 Farm
» items
| Boots of Speed | 1 | |
| Healing Salve | 1 | |
| Scroll of Speed | 1 | |
3 total
Hexmya55 (
purple | 34 APM | 937 actions | 27:33)
6 Death Knight
3 Death Coil
2 Unholy Aura
1 Animate Dead
» actions
| Assign group hotkey | 16 | |
| Basic commands | 1 | |
| Build / train | 72 | |
| Enter build submenu | 21 | |
| Enter hero's abilities submenu | 6 | |
| Right click | 463 | |
| Select / deselect | 231 | |
| Select group hotkey | 62 | |
| Use ability | 65 | |
937 total
» units
| Acolyte | 7 | |
| Ghoul | 4 | |
| Crypt Fiend | 8 | |
| Necromancer | 10 | |
| Gargoyle | 2 | |
| Meatwagon | 2 | |
| Abomination | 6 | |
| Obsidian Statue | 2 | |
41 total
» upgrades
| Unholy Armor | 4 | |
| Unholy Strength | 4 | |
| Necromancer Training | 2 | |
| Skeletal Longevity | 1 | |
| Web | 1 | |
| Exhume Corpses | 1 | |
| Disease Cloud | 1 | |
14 total
» buildings
| Graveyard | 1 | |
| Ziggurat | 7 | |
| Crypt | 1 | |
| Altar of Darkness | 1 | |
| Tomb of Relics | 4 | |
| Spirit Tower | 3 | |
| Halls of the Dead | 1 | |
| Slaughterhouse | 1 | |
| Temple of the Damned | 1 | |
| Black Citadel | 1 | |
| Sacrificial Pit | 1 | |
| Boneyard | 1 | |
23 total
» build order
00:20 Graveyard
00:25 Ziggurat
00:42 Crypt
01:00 Altar of Darkness
01:23 Tomb of Relics
01:31 Tomb of Relics
01:35 Tomb of Relics
01:39 Tomb of Relics
01:49 Ziggurat
02:28 Ziggurat
02:44 Spirit Tower
03:00 Spirit Tower
04:39 Halls of the Dead
06:49 Spirit Tower
07:02 Ziggurat
07:04 Ziggurat
07:25 Slaughterhouse
07:31 Temple of the Damned
09:51 Black Citadel
14:50 Ziggurat
17:38 Ziggurat
20:20 Sacrificial Pit
24:09 Boneyard
» items
| Rod of Necromancy | 2 | |
| Potion of Healing | 1 | |
| Dust of Appearance | 1 | |
4 total
Chat log
(00:20 / All) WorstPlayaAlive: Rodrigo
(00:23 / All) KuKuKuBaby: COUNT
(00:25 / All) KuKuKuBaby: DOWN FOR THE COUNT
(00:40 / All) WorstPlayaAlive: I printed out a picture of your mother and ejaculated on it. Do you want me to send it to you in the mail?
(00:54 / All) WorstPlayaAlive: Give it to her as a testament of my love
(01:08 / All) PureLynx_Bz: Must be 12^
(01:42 / All) WorstPlayaAlive: Rodrigo, is your mother available?
(02:06 / Allies) Hexmya55: necs aboms dk
(02:27 / All) WorstPlayaAlive: Rodrigo, speak to me you silly little freak
(02:40 / Allies) WorstPlayaAlive: Gold?
(02:48 / Allies) KuKuKuBaby: Wood me brothers
(03:01 / Allies) KuKuKuBaby: Give me all your resources
(03:02 / Allies) WorstPlayaAlive: Gold and wood, accepting tribute
(03:09 / Allies) Hexmya55: tc
(03:54 / All) KuKuKuBaby: Damn stun is gay
(04:02 / Allies) Hexmya55: lumbeR>
(04:10 / Allies) Hexmya55: ?
(07:50 / Allies) Hexmya55: helkp me creep?
(07:53 / Allies) Hexmya55: blue
(08:27 / Allies) Hexmya55: creepmiddle now
(08:30 / Allies) Hexmya55: all meet
(09:31 / Allies) KuKuKuBaby: Giver mask of death to bm
(09:36 / Allies) WorstPlayaAlive: Give mask please
(09:48 / Allies) Hexmya55: mannnn... im getting aboms and necs
(09:50 / Allies) WorstPlayaAlive: Purple can I have the mask
(09:57 / Allies) KuKuKuBaby: it's a bm item give him the mask
(10:10 / Allies) Hexmya55: id rather not... not to be a dick
(10:15 / Allies) Hexmya55: or anything
(10:18 / Allies) WorstPlayaAlive: It's useless on dk
(10:19 / Allies) KuKuKuBaby: Why, it's useless for you
(10:22 / Allies) WorstPlayaAlive: Plus I'm higher level
(10:30 / Allies) WorstPlayaAlive: Plus I was already creeping middle and didn't need you
(10:34 / Allies) KuKuKuBaby: Give him the mask, be a team player
(10:34 / Allies) Hexmya55: necS?
(10:41 / Allies) WorstPlayaAlive: Purple are you going to give the mask or not?
(10:51 / Allies) Hexmya55: who?>
(10:57 / Allies) WorstPlayaAlive: Purple are you going to give me the mask?
(11:04 / Allies) WorstPlayaAlive: Level 2 dk you are fucking retarded
(11:20 / Allies) Hexmya55: why you gotta be a dick
(11:21 / All) WorstPlayaAlive: What kind of a retard keeps mask of death for level 2 dk over level 4 blademaster?
(11:27 / Allies) WorstPlayaAlive: Because you are absolutely retarded
(11:41 / Allies) WorstPlayaAlive: I already crept most of mid and would ahve crept them without your stupid ass
(11:46 / Allies) WorstPlayaAlive: All you did was steal the item
(11:48 / Allies) WorstPlayaAlive: and my exp
(11:55 / All) KING-JAKE: he mhs too
(12:26 / Allies) Hexmya55: lumber for mask?
(12:55 / Allies) WorstPlayaAlive: You are the most selfish 4v4 player I've met yet
(12:57 / Allies) Hexmya55: lumb plz
(13:18 / Allies) WorstPlayaAlive: Does DK attack fast or have crit strike? Why do you need a mask?
(13:25 / Allies) WorstPlayaAlive: It's worthless on it you fucking noobie
(13:37 / Allies) Hexmya55: i said lumber you can have it
(13:45 / Allies) WorstPlayaAlive: You shouldn't have taken it in the first place moron
(19:16 / Allies) Count: counter those newbs
(19:28 / All) WorstPlayaAlive: Fsdakmfmklsadkfjksd
(19:29 / All) WorstPlayaAlive: bs
(19:41 / All) KuKuKuBaby: Wow that retard still has the mask
(19:44 / All) KuKuKuBaby: Not paying much attention this game
(19:48 / All) WorstPlayaAlive: Died with a potion at my lips
(19:58 / All) WorstPlayaAlive: Yeah would have came in h andy there
(20:04 / All) WorstPlayaAlive: Probably could have soloed yellows whole army
(20:16 / All) WorstPlayaAlive: He's the dumbest player I've seen yet
(20:22 / All) WorstPlayaAlive: that probably thinks he's good at all
(20:45 / All) WorstPlayaAlive: Probably have no idea why mask of death is worthless on dk and godly on BM
(21:06 / All) WorstPlayaAlive: Purple do you understand why Mask of Death is worthless on your hero?|
(21:10 / All) WorstPlayaAlive: and would be godly on mine|
(21:15 / All) WorstPlayaAlive: No because you're pig fucking stupid
(21:37 / Allies) WorstPlayaAlive: Lumber
(21:58 / Allies) Hexmya55: tp
(22:00 / Allies) Hexmya55: quick
(22:08 / Allies) KuKuKuBaby: Why would we help a player like you?
(22:10 / Allies) WorstPlayaAlive: You don't bark orders, are you a team playeR?
(22:13 / Allies) KuKuKuBaby: Should let red and you die
(22:20 / All) WorstPlayaAlive: We won't help purple
(22:26 / All) WorstPlayaAlive: He's not a team player and doesn't deserve help
(23:41 / Allies) WorstPlayaAlive: I'm leeching your mana lol
(23:45 / Allies) WorstPlayaAlive: exp*
(23:52 / All) Hexmya55: bithc
(24:09 / All) KuKuKuBaby: Move
(24:10 / Allies) WorstPlayaAlive: Go kill stuff get me exp
(24:13 / All) KuKuKuBaby: You're in the way of my blood mage
(24:19 / All) KuKuKuBaby: out my way
(24:57 / All) KuKuKuBaby: I wish ladder didn't have latency
(25:02 / All) KuKuKuBaby: 250 ms built in is stupid
(25:17 / Allies) Hexmya55: wow thanx dick
(25:29 / Allies) WorstPlayaAlive: Look who's talking
(25:51 / Allies) Hexmya55: lumb plz
(26:07 / Allies) KuKuKuBaby: Why would I give you of all people lumber?
(26:07 / Allies) WorstPlayaAlive: flame striek it
(26:17 / Allies) KuKuKuBaby: He's repairing, I see through my maphack
(26:21 / Allies) KuKuKuBaby: might be able to get the mine though
(27:43 / All) KuKuKuBaby: Finally can resurrect dk and get your mask!
(28:28 / Allies) WorstPlayaAlive: coudln't buy him from tavern thought you could
(28:44 / All) KuKuKuBaby: Wow are pink and teal robots?
(28:56 / All) KING-JAKE: pink hasnt said a word for 20 min
(29:57 / All) WorstPlayaAlive: shjit
(30:09 / Allies) KuKuKuBaby: Get your mask when you can
(30:12 / Allies) WorstPlayaAlive: lumber
(30:27 / All) WorstPlayaAlive: my plan didn't work out well
(33:49 / All) KING-JAKE: wtf
(33:51 / All) KING-JAKE: happened
(35:05 / All) Yaakov_sv: gg
(35:13 / All) Yaakov_sv: your all baser
(35:16 / All) KuKuKuBaby: Wow this match took care of itself
(35:18 / All) KuKuKuBaby: Baser?
(35:30 / All) KING-JAKE: all i did was move teal's demo's
(35:41 / All) Yaakov_sv: im staying
(35:47 / All) Yaakov_sv: enjoy
(35:48 / All) KING-JAKE: ok lol
(36:09 / All) Yaakov_sv: gonna take a shit
(36:54 / All) KING-JAKE: i coulda sworn i just saw blue's bm at bottom left expo
(37:03 / All) WorstPlayaAlive: Yeh
(37:29 / All) KING-JAKE: why did purple take the mask
(37:35 / All) WorstPlayaAlive: Because he is an idiot
(37:42 / All) WorstPlayaAlive: "not to be a dick"
(37:55 / All) WorstPlayaAlive: I crept the mid except the red creeps and was about to creep them without him
(38:00 / All) WorstPlayaAlive: then he waltz in steals my exp and item
(38:16 / All) WorstPlayaAlive: but "not to be a dick" he's gonna keep a worthless item for his hero
(38:22 / All) WorstPlayaAlive: because it's an 800 gold item
(38:33 / All) WorstPlayaAlive: even tho he'd be better off just selling it if he didn'tt want to be a team player
(42:00 / All) KING-JAKE: lol
(42:31 / All) WorstPlayaAlive: Kill your shit
(42:36 / All) WorstPlayaAlive: We have nobody on our team
(43:32 / Allies) WorstPlayaAlive: Where is his mk
(43:47 / Allies) KuKuKuBaby: There
(43:48 / Allies) KuKuKuBaby: His base
(44:02 / Allies) KuKuKuBaby: Killing his stuff
(44:05 / All) KING-JAKE: if only george lucas made leonardo dicapprio anikan skywalker
(44:08 / All) KING-JAKE: if only
(44:17 / All) WorstPlayaAlive: get them out of the mid
(44:21 / All) WorstPlayaAlive: did you buy them back?
(44:29 / Allies) WorstPlayaAlive: fucking retard
(46:14 / Allies) KuKuKuBaby: mk and pandaren
(46:47 / Allies) WorstPlayaAlive: where is his mk
(47:36 / All) Yaakov_sv: noobs
(48:30 / All) KING-JAKE: new acct
(48:43 / All) WorstPlayaAlive: gg nub